[Event "Titled Tuesday Blitz December 20 Early 2022"]
[White "nikitakhoroshev"]
[Black "Machidon, Cristi"]
[BlackFideId "13904590"]
[WhiteElo "2709"]
[BlackElo "2279"]
[Result "1-0"]
[Round "09"]
[TimeControl "180+2"]
[Date "2022.12.20"]
[WhiteClock "0:01:24"]
[BlackClock "0:00:09"]

1. d4 Nf6 2. c4 d6 3. Nc3 Nbd7 4. e4 e5 5. f4 exd4 6. Qxd4 c6 7. Nf3 d5 8. cxd5 Bc5 9. Qc4 O-O 10. dxc6 bxc6 11. e5 Ng4 12. Ne4 Ne3 13. Bxe3 Bxe3 14. g3 Qb6 15. Qb3 Bb7 16. Qxb6 axb6 17. Ke2 Bc5 18. Nxc5 Nxc5 19. Ke3 Ra4 20. Be2 Rfa8 21. a3 Ne6 22. Rhd1 c5 23. Rd7 Re4+ 24. Kf2 Bc6 25. Rd6 Rc8 26. Ba6 Rc7 27. Rxc6 Rxc6 28. Bb7 Nd8 29. Bxc6 Nxc6 30. Rd1 Kf8 31. Rd6 Na5 32. Rxb6 Nc4 33. Rb5 Ke7 34. a4 h6 35. a5 g5 36. a6 1-0


[Site "https://www.chess.com"]

[Event "Titled Tuesday Blitz December 20 Early 2022"]
[White "politeplayer"]
[Black "Shuvalov, Evgenij"]
[BlackFideId "4187237"]
[WhiteElo "2244"]
[BlackElo "2038"]
[Result "0-1"]
[Round "09"]
[TimeControl "180+2"]
[Date "2022.12.20"]
[WhiteClock "0:00:25"]
[BlackClock "0:01:25"]

1. e4 e6 2. c4 d5 3. cxd5 exd5 4. Qb3 dxe4 5. Nc3 Nf6 6. Bc4 Qe7 7. d3 Nc6 8. Be3 Ne5 9. O-O-O Nxd3+ 10. Rxd3 exd3 11. Nf3 c6 12. Re1 Be6 13. Bxe6 fxe6 14. Ng5 Nd5 15. Nxe6 Qxe6 16. Bd2 Qxe1+ 17. Bxe1 O-O-O 18. Bd2 Nxc3 19. Bxc3 Bd6 20. Bxg7 Rhe8 21. Bc3 Bf4+ 22. Kd1 d2 23. Qc2 Re1# 0-1


[Site "https://www.chess.com"]

[Event "Titled Tuesday Blitz December 20 Early 2022"]
[White "romulocardoso"]
[Black "MartinMatthiesen"]
[WhiteElo "2390"]
[BlackElo "2497"]
[Result "0-1"]
[Round "09"]
[TimeControl "180+2"]
[Date "2022.12.20"]
[WhiteClock "0:02:22"]
[BlackClock "0:01:59"]

1. e4 e5 2. Nf3 Nc6 3. d4 exd4 4. Bc4 Nf6 5. e5 d5 6. Bb5 Ne4 7. Nxd4 Bc5 8. O-O O-O 9. Nxc6 bxc6 10. Bxc6 Ba6 11. Qxd5 Bxf1 12. Qxe4 Ba6 13. Bxa8 Qd1+ 0-1


[Site "https://www.chess.com"]

[Event "Titled Tuesday Blitz December 20 Early 2022"]
[White "santosalberto1987"]
[Black "WhiteKnight2612"]
[WhiteElo "2495"]
[BlackElo "2753"]
[Result "0-1"]
[Round "09"]
[TimeControl "180+2"]
[Date "2022.12.20"]
[WhiteClock "0:00:03"]
[BlackClock "0:01:51"]

1. d4 Nf6 2. Nf3 d5 3. c4 Bf5 4. Nc3 e6 5. cxd5 exd5 6. Qb3 b6 7. Bf4 c6 8. e3 Nbd7 9. h3 a5 10. a4 Bb4 11. Be2 Qe7 12. O-O O-O 13. Rac1 Rfc8 14. Ne5 Nxe5 15. Bxe5 Nd7 16. Bg3 Be6 17. Bd3 Nf6 18. Bh4 c5 19. Bxf6 Qxf6 20. Nxd5 Qg5 21. Bc4 cxd4 22. Nxb6 Rxc4 23. Nxc4 Bxh3 24. g3 Qd5 25. f3 Bxf1 26. Rxf1 Rc8 27. Nd2 Qxb3 28. Nxb3 dxe3 29. Rc1 Re8 30. Nd4 e2 31. Nc2 Rc8 0-1


[Site "https://www.chess.com"]

[Event "Titled Tuesday Blitz December 20 Early 2022"]
[White "stepanosinovsky"]
[Black "LileKoridze"]
[WhiteElo "2443"]
[BlackElo "2345"]
[Result "0-1"]
[Round "09"]
[TimeControl "180+2"]
[Date "2022.12.20"]
[WhiteClock "0:00:01"]
[BlackClock "0:00:42"]

1. e4 c5 2. d3 d6 3. Nd2 g6 4. Ngf3 Bg7 5. g3 Nf6 6. Bg2 O-O 7. O-O Nc6 8. Re1 Rb8 9. a4 a6 10. e5 dxe5 11. Nxe5 Nxe5 12. Rxe5 b6 13. Nc4 e6 14. Bf4 Bb7 15. Re1 Bxg2 16. Bxb8 Ba8 17. Ba7 Qd5 18. f3 Nd7 19. Bxb6 Qh5 20. Kg2 g5 21. h3 f5 22. Rf1 g4 23. h4 f4 24. Bc7 fxg3 25. Kxg3 gxf3 26. Qd2 Nf6 27. Qg5 Qf7 28. Kf2 Qxc7 29. Rg1 Qh2+ 0-1


[Site "https://www.chess.com"]

[Event "Titled Tuesday Blitz December 20 Early 2022"]
[White "viditchess"]
[Black "ProfessorChess101"]
[WhiteElo "2986"]
[BlackElo "2662"]
[Result "1/2-1/2"]
[Round "09"]
[TimeControl "180+2"]
[Date "2022.12.20"]
[WhiteClock "0:00:12"]
[BlackClock "0:00:02"]

1. e4 e5 2. Nf3 Nc6 3. Bb5 a6 4. Ba4 Nf6 5. O-O Be7 6. Re1 b5 7. Bb3 O-O 8. a4 Bb7 9. d3 d6 10. Bd2 Nb8 11. Nc3 c6 12. Ne2 Nbd7 13. axb5 axb5 14. Ng3 Rxa1 15. Qxa1 Nc5 16. Ba2 Bc8 17. d4 exd4 18. Nxd4 Ng4 19. Nxc6 Qe8 20. Nxe7+ Qxe7 21. h3 Ne5 22. Bd5 Bxh3 23. b4 Na4 24. f4 Qh4 25. Qa3 Ng4 26. gxh3 Qxh3 27. Re2 h5 28. Bc1 h4 29. Nf5 Nc3 30. Rg2 Qf3 31. Rxg4 Qxg4+ 32. Kh2 Qe2+ 33. Kh3 Qf1+ 34. Kxh4 Qh1+ 35. Kg4 Ne2 36. Bb2 Qg2+ 37. Ng3 Ng1 38. Qc3 Qh3+ 39. Kg5 Qh6+ 40. Kg4 Qh3+ 41. Kg5 Qh6+ 42. Kg4 Qh3+ 1/2-1/2


[Site "https://www.chess.com"]

[Event "Titled Tuesday Blitz December 20 Early 2022"]
[White "von Klitzing, Ole"]
[Black "CDOEspiao"]
[WhiteFideId "34618821"]
[WhiteElo "1564"]
[BlackElo "2486"]
[Result "1-0"]
[Round "09"]
[TimeControl "180+2"]
[Date "2022.12.20"]
[WhiteClock "0:00:02"]
[BlackClock "0:00:03"]

1. d4 Nf6 2. c4 c5 3. d5 b5 4. cxb5 a6 5. bxa6 g6 6. Nc3 Bg7 7. g3 O-O 8. Bg2 d6 9. Nf3 Nxa6 10. O-O Qb6 11. Rb1 Nc7 12. Re1 Ba6 13. b3 Nb5 14. Nxb5 Bxb5 15. Qc2 Rfc8 16. a4 Bd7 17. Nd2 Qb4 18. Bb2 Ng4 19. Bxg7 Kxg7 20. Nc4 f6 21. f4 h5 22. h3 Nh6 23. e4 Nf7 24. Re3 Rcb8 25. Rbe1 Ra7 26. R1e2 Rab7 27. Kh2 Bc8 28. Qc1 Ra7 29. e5 Ba6 30. exf6+ exf6 31. Rc2 Bxc4 32. Rxc4 Qb7 33. Qc3 Qd7 34. Re6 Qd8 35. Bf3 Rab7 36. Bd1 Rb4 37. Bc2 Rxc4 38. Qxc4 Qf8 39. Qd3 f5 40. Qc3+ Kh7 41. Qf6 Qg7 42. Bxf5 Qxf6 43. Rxf6 gxf5 44. Rxf7+ Kg6 45. Rd7 Rxb3 46. Rxd6+ Kf7 47. h4 Ra3 48. Rc6 Rxa4 49. Rxc5 Rd4 50. Kg2 Ke7 51. Rc7+ Kf6 52. Rh7 Kg6 53. Rd7 Kf6 54. Rd6+ Kg7 55. Kf2 Rd3 56. Kg2 Rd4 57. Kf3 Rd3+ 58. Kf2 Rd4 59. Ke3 Rd1 60. Rd8 Kf6 61. Rg8 Rxd5 62. Rg5 Ra5 63. Rxh5 Ra3+ 64. Kf2 Ra2+ 65. Kf3 Ra3+ 66. Kg2 Ra2+ 67. Kh3 Ra3 68. Rh6+ Kg7 69. Rb6 Ra1 70. Rb2 Rc1 71. Kg2 Kf6 72. Rb6+ Kg7 73. h5 Rc2+ 74. Kh3 Rc1 75. Kh4 Rg1 76. Rb3 Kf6 77. Rb6+ Kg7 78. Rc6 Kf7 79. h6 Rg2 80. Kg5 Rxg3+ 81. Kxf5 Rh3 82. h7 Kg7 83. Rc7+ Kh8 84. Ke5 Rh5+ 85. f5 Rh1 86. Ke6 Re1+ 87. Kf7 Kxh7 88. f6 Rf1 89. Rc3 Re1 90. Rh3# 1-0


[Site "https://www.chess.com"]

[Event "Titled Tuesday Blitz December 20 Early 2022"]
[White "vovachesss"]
[Black "bardiya_Daneshvar"]
[WhiteElo "2756"]
[BlackElo "2903"]
[Result "0-1"]
[Round "09"]
[TimeControl "180+2"]
[Date "2022.12.20"]
[WhiteClock "0:00:02"]
[BlackClock "0:01:11"]

1. e4 Nf6 2. e5 Nd5 3. d4 d6 4. Nf3 g6 5. Bc4 Nb6 6. Be2 Bg7 7. O-O O-O 8. c3 dxe5 9. Nxe5 N8d7 10. Nf3 c5 11. Bg5 h6 12. Bh4 cxd4 13. Nxd4 Nf6 14. Bg3 a6 15. Bf3 Nc4 16. Qe2 Nd6 17. Rd1 Re8 18. Be5 Nd7 19. Bxg7 Kxg7 20. Na3 e5 21. Nc6 Qc7 22. Nb4 e4 23. Bg4 Ne5 24. Bxc8 Raxc8 25. Nd5 Qc6 26. Qe3 Rcd8 27. Qf4 f5 28. Ne3 Ndf7 29. Nac2 Nd3 30. Qh4 Qf6 31. Qh3 Ng5 32. Qg3 f4 33. Qh4 Nf3+ 0-1


[Site "https://www.chess.com"]

[Event "Titled Tuesday Blitz December 20 Early 2022"]
[White "APOKALIPSA13"]
[Black "Shironin, Daniil Aleks"]
[BlackFideId "55812198"]
[WhiteElo "2220"]
[BlackElo "2115"]
[Result "1-0"]
[Round "10"]
[TimeControl "180+2"]
[Date "2022.12.20"]
[WhiteClock "0:00:51"]
[BlackClock "0:00:40"]

1. e4 c5 2. Be2 d6 3. f4 Nc6 4. Nf3 g6 5. O-O Bg7 6. c3 e6 7. Qe1 Nge7 8. d3 O-O 9. Be3 Rb8 10. Nbd2 b5 11. Kh1 b4 12. Rc1 Qa5 13. Nc4 Qc7 14. Qh4 bxc3 15. bxc3 d5 16. Nce5 c4 17. dxc4 dxe4 18. Ng5 h6 19. Ngxf7 Rxf7 20. Nxf7 Kxf7 21. f5 Kg8 22. f6 Nf5 23. Rxf5 exf5 24. fxg7 Qxg7 25. Bxh6 Qe7 26. Bg5 Qh7 27. Qg3 Rb2 28. Bf1 Bb7 29. Qd6 Qg7 30. c5 Qe5 31. Qxg6+ Qg7 32. Bc4+ Kh8 33. Qh5+ 1-0


[Site "https://www.chess.com"]

[Event "Titled Tuesday Blitz December 20 Early 2022"]
[White "AldokhinIvan"]
[Black "Kirillov-Dmitry"]
[WhiteElo "2572"]
[BlackElo "2444"]
[Result "1-0"]
[Round "10"]
[TimeControl "180+2"]
[Date "2022.12.20"]
[WhiteClock "0:00:10"]
[BlackClock "0:00:02"]

1. e4 c5 2. Nf3 d6 3. d4 cxd4 4. Nxd4 Nf6 5. Nc3 a6 6. Bc4 e6 7. Bb3 b5 8. O-O Bb7 9. Re1 Be7 10. Bxe6 fxe6 11. Nxe6 Qc8 12. Nxg7+ Kf7 13. Nf5 Nc6 14. Nd5 Nxd5 15. Qxd5+ Ke8 16. Nxe7 Nxe7 17. Qxd6 Rg8 18. Bf4 h5 19. h4 Qg4 20. Bg5 Qd7 21. Qe5 Kf7 22. Qf6+ Ke8 23. Rad1 Qc7 24. Rd6 Rf8 25. Qe5 Rc8 26. Bxe7 Qxe7 27. Re6 Rc7 28. Qxh5+ Kd7 29. Rxe7+ Kxe7 30. Qe5+ Kd8 31. Qd6+ Ke8 32. Qxc7 Rf7 33. Qb8+ 1-0


[Site "https://www.chess.com"]

[Event "Titled Tuesday Blitz December 20 Early 2022"]
[White "Alex_Sahakyan2006"]
[Black "ShahxaibKhan"]
[WhiteElo "2611"]
[BlackElo "2382"]
[Result "1-0"]
[Round "10"]
[TimeControl "180+2"]
[Date "2022.12.20"]
[WhiteClock "0:01:38"]
[BlackClock "0:00:46"]

1. Nf3 Nf6 2. c4 b6 3. d4 e6 4. g3 Bb4+ 5. Bd2 Be7 6. Nc3 Ba6 7. e4 d6 8. e5 dxe5 9. dxe5 Nfd7 10. Bf4 O-O 11. h4 Nc5 12. Qc2 Bb7 13. Qe2 Nd3+ 14. Qxd3 Qxd3 15. Bxd3 Bxf3 16. O-O Nc6 17. Be4 Bxe4 18. Nxe4 Rfd8 19. Rfd1 Kf8 20. Kf1 h6 21. Nc3 a6 22. Rxd8+ Rxd8 23. Rd1 Rxd1+ 24. Nxd1 Ke8 25. h5 f6 26. exf6 Bxf6 27. Bxc7 b5 28. cxb5 axb5 29. Ke2 Kd7 30. Bb6 Kd6 31. Be3 Kd5 32. a3 Na5 33. Kd3 Nc4 34. Nc3+ Kc6 35. Bc1 Be5 36. f4 Bf6 37. b3 Na5 38. b4 Nc4 39. a4 Nd6 40. axb5+ Nxb5 41. Nxb5 Kxb5 42. Bd2 Ba1 43. Bc3 1-0


[Site "https://www.chess.com"]

[Event "Titled Tuesday Blitz December 20 Early 2022"]
[White "Alibaev, Akbar"]
[Black "Sam_ChessMood"]
[WhiteFideId "14200325"]
[WhiteElo "2295"]
[BlackElo "2882"]
[Result "1-0"]
[Round "10"]
[TimeControl "180+2"]
[Date "2022.12.20"]
[WhiteClock "0:00:28"]
[BlackClock "0:00:04"]

1. e4 c5 2. Nf3 d6 3. d4 cxd4 4. Nxd4 Nf6 5. Nc3 a6 6. Bg5 Nbd7 7. Bc4 Qb6 8. Bb3 e6 9. Qd2 Be7 10. O-O-O Nc5 11. Rhe1 O-O 12. f4 h6 13. h4 Rd8 14. g4 Kf8 15. Bxf6 Bxf6 16. Kb1 Bxh4 17. Rh1 Bf6 18. g5 hxg5 19. e5 dxe5 20. fxe5 Bxe5 21. Rh8+ Ke7 22. Rxd8 Bf4 23. Qf2 Kxd8 24. Nxe6+ Ke8 25. Nxc5 Qc6 26. Qe2+ Kf8 27. Rd8+ 1-0


[Site "https://www.chess.com"]

[Event "Titled Tuesday Blitz December 20 Early 2022"]
[White "Alphafischer2019"]
[Black "Chessmissile07"]
[WhiteElo "2543"]
[BlackElo "2730"]
[Result "0-1"]
[Round "10"]
[TimeControl "180+2"]
[Date "2022.12.20"]
[WhiteClock "0:00:10"]
[BlackClock "0:00:39"]

1. Nf3 Nf6 2. g3 d5 3. Bg2 c6 4. O-O Bf5 5. c4 e6 6. cxd5 cxd5 7. d3 Nc6 8. Nc3 Be7 9. Nh4 Bg4 10. h3 Bh5 11. Qb3 a6 12. Bf4 b5 13. g4 Bg6 14. Nxg6 hxg6 15. Bg3 O-O 16. e4 Na5 17. Qd1 dxe4 18. dxe4 Rc8 19. Qe2 Qb6 20. Rad1 Rfd8 21. Kh2 Nd7 22. f4 Nc4 23. Rfe1 Bb4 24. e5 Nxb2 25. Qxb2 Bxc3 26. Qe2 Bxe1 27. Bxe1 Nf8 28. Bh4 Rxd1 29. Qxd1 Qe3 30. Bg5 Nh7 31. Qd7 Rf8 32. Be7 Qxf4+ 33. Kg1 Qe3+ 34. Kh1 Qe1+ 35. Kh2 Qxe5+ 36. Kg1 Nf6 37. Qd3 Rc8 38. Ba3 Nd5 39. Qd2 Qe3+ 40. Qxe3 Nxe3 41. Bb7 Rc2 42. Bxa6 Rxa2 43. Bc5 Ra1+ 44. Kf2 Nxg4+ 45. hxg4 Rxa6 46. Ke3 Ra4 47. g5 Rg4 48. Be7 b4 49. Kf3 Rc4 50. Ke3 b3 51. Kd3 b2 52. Kxc4 b1=Q 53. Kc5 Qf5+ 54. Kd6 Qd5+ 55. Kc7 e5 56. Bd6 e4 57. Kd7 e3 58. Ke8 e2 59. Be7 Qc6+ 60. Kd8 e1=Q 61. Bd6 Qee8# 0-1


[Site "https://www.chess.com"]

[Event "Titled Tuesday Blitz December 20 Early 2022"]
[White "Anata, Choudhury"]
[Black "Dadic, Ivan"]
[WhiteFideId "10215026"]
[BlackFideId "14531364"]
[WhiteElo "2172"]
[BlackElo "2080"]
[Result "1-0"]
[Round "10"]
[TimeControl "180+2"]
[Date "2022.12.20"]
[WhiteClock "0:01:47"]
[BlackClock "0:01:41"]

1. d4 Nf6 2. c4 g6 3. Nc3 d5 4. cxd5 Nxd5 5. e4 Nxc3 6. bxc3 Bg7 7. Nf3 c5 8. Be3 Qa5 9. Qd2 Nc6 10. Rb1 a6 11. Rc1 cxd4 12. cxd4 Qxd2+ 13. Kxd2 O-O 14. Bd3 Rd8 15. d5 Ne5 16. Nxe5 Bxe5 17. Ke2 e6 18. Bc4 b5 19. Bb3 exd5 20. Bxd5 Rb8 21. Ba7 Bg4+ 22. f3 Bd7 23. Bxb8 Bxb8 24. Rhd1 b4 25. Bc6 1-0


[Site "https://www.chess.com"]

[Event "Titled Tuesday Blitz December 20 Early 2022"]
[White "Andrii_Prydun"]
[Black "Kazgildy, Fariza"]
[BlackFideId "13724860"]
[WhiteElo "2387"]
[BlackElo "1189"]
[Result "1/2-1/2"]
[Round "10"]
[TimeControl "180+2"]
[Date "2022.12.20"]
[WhiteClock "0:00:08"]
[BlackClock "0:00:22"]

1. d4 Nf6 2. Nf3 d5 3. Bf4 c5 4. c3 Nc6 5. e3 Qb6 6. Qb3 c4 7. Qc2 Bf5 8. Qc1 e6 9. Nbd2 Be7 10. h3 h6 11. Be2 O-O 12. O-O a5 13. Bd1 Qa6 14. Bc2 Bxc2 15. Qxc2 b5 16. e4 b4 17. exd5 exd5 18. Rae1 Rfe8 19. Ne5 Bf8 20. Re3 Nxe5 21. Bxe5 Nd7 22. Rfe1 Nxe5 23. Rxe5 Rxe5 24. Rxe5 Rd8 25. Qf5 Qc6 26. Nf3 bxc3 27. bxc3 Bd6 28. Re2 Qa4 29. Qc2 Qa3 30. Nh4 Rb8 31. Nf5 Bf8 32. Ne3 Qd6 33. Qf5 g6 34. Qe5 Rb1+ 35. Kh2 f6 36. Qg3 Qxg3+ 37. fxg3 Rb5 38. a4 Rb3 39. Nxd5 Kf7 40. Re3 Bd6 41. Rf3 f5 42. Kg1 Ke6 43. Nf4+ Bxf4 44. gxf4 Ra3 45. Re3+ Kf7 46. Re5 Rxa4 47. Rc5 Ke6 48. Kh2 Kf7 49. h4 h5 50. g3 Ra2+ 51. Kh3 Ra4 52. Rc6 Kg7 53. Rc5 Kf6 54. Rc6+ Kf7 55. Rc5 Kf8 56. Rc6 Kg7 57. Rc5 Kf7 58. Rc7+ Kf6 59. Rc6+ Kg7 1/2-1/2


[Site "https://www.chess.com"]

[Event "Titled Tuesday Blitz December 20 Early 2022"]
[White "Arnaldofdelavaramulet"]
[Black "vovachesss"]
[WhiteElo "2648"]
[BlackElo "2756"]
[Result "1-0"]
[Round "10"]
[TimeControl "180+2"]
[Date "2022.12.20"]
[WhiteClock "0:00:03"]
[BlackClock "0:00:01"]

1. Nf3 d6 2. g3 e5 3. Bg2 e4 4. Nd4 f5 5. d3 Nf6 6. c4 Nc6 7. Nb3 d5 8. cxd5 Qxd5 9. O-O Bb4 10. a3 Bd6 11. Nc3 Qe6 12. Bg5 exd3 13. exd3 O-O 14. d4 Qf7 15. Re1 Kh8 16. Nc5 h6 17. Bxf6 Qxf6 18. b4 Rb8 19. Nb5 a6 20. Nxd6 Qxd6 21. Qh5 b6 22. Nd3 Nxd4 23. Ne5 Kh7 24. Rad1 c5 25. Nc6 Rb7 26. bxc5 bxc5 27. Nxd4 cxd4 28. Bxb7 Bxb7 29. f3 d3 30. Rd2 Qd4+ 31. Kg2 Bc6 32. Qh4 Qd5 33. Qf4 Rf7 34. Re3 Bb5 35. Qe5 Qc6 36. Qe6 Qc7 37. g4 fxg4 38. Qe4+ Kg8 39. Qxg4 1-0


[Site "https://www.chess.com"]

[Event "Titled Tuesday Blitz December 20 Early 2022"]
[White "Artels, Lieven"]
[Black "PushingpawnsNYC"]
[WhiteFideId "205834"]
[WhiteElo "1984"]
[BlackElo "2375"]
[Result "0-1"]
[Round "10"]
[TimeControl "180+2"]
[Date "2022.12.20"]
[WhiteClock "0:00:26"]
[BlackClock "0:00:05"]

1. b4 e5 2. Bb2 Bxb4 3. Bxe5 Nf6 4. Nf3 Nc6 5. Bb2 d5 6. e3 Bg4 7. Be2 Qd6 8. c4 dxc4 9. Bxc4 O-O-O 10. Be2 Ne4 11. a3 Ba5 12. Bxg7 Rhg8 13. Bd4 Nxd4 14. Nxd4 Bxe2 15. Qxe2 Rxg2 16. Nb5 Qf6 17. Rf1 Qxa1 18. Nxa7+ Kb8 19. Nb5 Qxb1+ 20. Qd1 Bxd2+ 21. Ke2 Qxb5+ 22. Kf3 Qg5 23. h3 Rg3+ 24. fxg3 Rd6 25. Kxe4 Qxe3+ 26. Kf5 Rd5+ 27. Kf6 Qe6+ 28. Kg7 Bc3+ 29. Kf8 Rxd1 30. Rxd1 Bf6 31. Rd8+ Bxd8 32. h4 Qf6 33. g4 Be7+ 34. Kg8 Qe6 35. g5 f5+ 36. Kxh7 Qf7+ 37. Kh6 Bf8# 0-1


[Site "https://www.chess.com"]

[Event "Titled Tuesday Blitz December 20 Early 2022"]
[White "Artem_0degov"]
[Black "BlueWizzard"]
[WhiteElo "2661"]
[BlackElo "2862"]
[Result "0-1"]
[Round "10"]
[TimeControl "180+2"]
[Date "2022.12.20"]
[WhiteClock "0:00:30"]
[BlackClock "0:01:33"]

1. d4 b6 2. c4 Bb7 3. Nc3 e6 4. e4 Nf6 5. Bd3 Bb4 6. Qc2 c5 7. d5 exd5 8. exd5 O-O 9. Ne2 b5 10. O-O bxc4 11. Bxc4 d6 12. Bf4 Ba6 13. Bxa6 Nxa6 14. Rad1 Nc7 15. Bg5 h6 16. Bxf6 Qxf6 17. Ne4 Qg6 18. Qc4 Rae8 19. N2g3 f5 20. Nc3 Bxc3 21. bxc3 f4 22. Ne2 Rxe2 23. Rfe1 f3 24. g3 Qf5 25. Rxe2 Qh3 26. Qg4 Qg2# 0-1


[Site "https://www.chess.com"]

[Event "Titled Tuesday Blitz December 20 Early 2022"]
[White "AsaHoffmann"]
[Black "Abd El Fatah, Reda Fadel"]
[BlackFideId "10600752"]
[WhiteElo "2376"]
[BlackElo "2134"]
[Result "1-0"]
[Round "10"]
[TimeControl "180+2"]
[Date "2022.12.20"]
[WhiteClock "0:00:24"]
[BlackClock "0:00:21"]

1. d4 Nf6 2. Bg5 g6 3. Nc3 Bg7 4. e4 d6 5. f3 O-O 6. Qd2 c5 7. Nge2 cxd4 8. Nxd4 Nc6 9. Nb3 a6 10. Bh6 Be6 11. h4 d5 12. Bxg7 Kxg7 13. O-O-O dxe4 14. Qf4 Qb8 15. Qxb8 Raxb8 16. fxe4 Rbd8 17. Be2 Ne5 18. Nc5 Bc8 19. Nd5 Nxd5 20. exd5 h5 21. Rhe1 Ng4 22. Bxg4 Bxg4 23. Rd2 b6 24. Nxa6 Rd7 25. Nb4 Rc8 26. Rd4 e5 27. Rxe5 Bf5 28. c3 Kf6 29. Re3 Rd6 30. g3 Ra8 31. a3 Rc8 32. Kd2 Rcd8 33. c4 Rc8 34. b3 Rc7 35. a4 Rc8 36. Nd3 Rc7 37. Nf4 Rc8 38. b4 Rc7 39. Rc3 Ra7 40. c5 Rd8 41. Ra3 bxc5 42. bxc5 Ra5 43. c6 Ke5 44. Rb4 Rc5 45. Rb5 Rxc6 46. Re3+ Kf6 47. a5 Ra6 48. Rb6+ Rxb6 49. axb6 Rb8 50. Rb3 Ke5 51. Kc3 Be4 52. Kc4 f6 53. Kc5 g5 54. hxg5 fxg5 55. Nd3+ Kf5 56. Nb4 h4 57. gxh4 gxh4 58. Nc6 Rh8 59. b7 Bc2 60. Rc3 Be4 61. b8=Q Rxb8 62. Nxb8 Kg4 63. Nd7 h3 64. Nf6+ Kh4 65. Rxh3+ Kxh3 66. Nxe4 Kg4 67. d6 Kf5 68. d7 Kf4 69. d8=Q Ke3 70. Qg5+ Kf3 71. Nd2+ Kf2 72. Nb3 Kf3 73. Kd4 Kf2 74. Qf4+ Ke1 75. Qg3+ Ke2 76. Qh2+ Ke1 77. Ke3 Kf1 78. Qf2# 1-0


[Site "https://www.chess.com"]

[Event "Titled Tuesday Blitz December 20 Early 2022"]
[White "AttilaTurzo"]
[Black "Aishath, Aika"]
[BlackFideId "16702026"]
[WhiteElo "2578"]
[BlackElo "2770"]
[Result "1-0"]
[Round "10"]
[TimeControl "180+2"]
[Date "2022.12.20"]
[WhiteClock "0:00:52"]
[BlackClock "0:00:16"]

1. d4 d5 2. Bf4 Nf6 3. e3 Bg4 4. Nf3 e6 5. h3 Bh5 6. c4 Bb4+ 7. Nc3 O-O 8. Be2 dxc4 9. Bxc4 Nd5 10. Bxd5 exd5 11. O-O c6 12. Qb3 a5 13. Ne5 Nd7 14. a3 Nxe5 15. Bxe5 Bxc3 16. Qxc3 a4 17. f3 Bg6 18. Rfe1 Qd7 19. Qb4 Rfe8 20. Qd6 Qc8 21. Qc7 f6 22. Qxc8 Raxc8 23. Bd6 Bd3 24. Kf2 Kf7 25. Rad1 Bc4 26. e4 Re6 27. e5 f5 28. g4 g6 29. f4 Ra8 30. Rg1 Ree8 31. gxf5 gxf5 32. Rg5 Ke6 33. Rg7 Ra5 34. Rxh7 Rb5 35. Rg1 Rxb2+ 36. Ke3 Rb3+ 37. Kd2 Rb2+ 38. Kc1 1-0


[Site "https://www.chess.com"]

[Event "Titled Tuesday Blitz December 20 Early 2022"]
[White "AttractiveChess"]
[Black "Leon-Black"]
[WhiteElo "2784"]
[BlackElo "2634"]
[Result "1-0"]
[Round "10"]
[TimeControl "180+2"]
[Date "2022.12.20"]
[WhiteClock "0:00:16"]
[BlackClock "0:00:02"]

1. Nf3 d5 2. c4 e6 3. b3 Nf6 4. g3 a5 5. Nc3 Be7 6. Bg2 O-O 7. O-O c6 8. Qc2 Nbd7 9. Bb2 b6 10. e4 dxe4 11. Nxe4 Bb7 12. Nd4 Qc7 13. Rfe1 Rfe8 14. Rad1 a4 15. h4 axb3 16. axb3 h6 17. Bc3 Nxe4 18. Qxe4 Bf6 19. b4 Ra7 20. Nxc6 Bxc3 21. dxc3 Nf6 22. Qf3 Rc8 23. b5 Bxc6 24. bxc6 Ra5 25. Rd2 Rc5 26. Rd4 e5 27. Rd5 e4 28. Qf5 Nxd5 29. cxd5 Qxc6 30. Bxe4 Qg6 31. Qxc8+ Rxc8 32. Bxg6 fxg6 33. Re6 Rxc3 34. Rxb6 Rd3 35. Rd6 Kf7 36. Rd7+ Kf6 37. Kg2 g5 38. hxg5+ hxg5 39. Rd6+ Kf5 40. Kf1 g4 41. Ke2 Rd4 42. Ke3 Rd1 43. Rd8 Ke5 44. d6 Re1+ 45. Kd2 1-0


[Site "https://www.chess.com"]

[Event "Titled Tuesday Blitz December 20 Early 2022"]
[White "Aza, Saulo"]
[Black "Jalapeno_Tractor_Schuppen"]
[WhiteFideId "4410394"]
[WhiteElo "1667"]
[BlackElo "2631"]
[Result "1-0"]
[Round "10"]
[TimeControl "180+2"]
[Date "2022.12.20"]
[WhiteClock "0:00:04"]
[BlackClock "0:00:40"]

1. d4 Nf6 2. c4 g6 3. Nc3 Bg7 4. e4 O-O 5. Nf3 d6 6. Be2 c5 7. d5 e6 8. O-O exd5 9. cxd5 Re8 10. Bd3 a6 11. a4 Nbd7 12. h3 Qc7 13. Bf4 Nh5 14. Bh2 Ne5 15. Nxe5 Bxe5 16. Bxe5 dxe5 17. a5 Bd7 18. Bc4 Qd6 19. Kh2 Kg7 20. g3 Nf6 21. Qd2 h5 22. f3 Ng8 23. h4 Rad8 24. Rf2 Nh6 25. Qe3 f6 26. Bb3 Nf7 27. Ba4 Qe7 28. Bxd7 Rxd7 29. Na4 Rc7 30. Rc1 Rec8 31. Nb6 Rd8 32. Rfc2 f5 33. Rxc5 Rxc5 34. Qxc5 Qf6 35. Qe3 f4 36. Qf2 Nd6 37. Rc7+ Kh6 38. Rd7 Rf8 39. g4 hxg4 40. fxg4 g5 41. Kh3 Nxe4 42. Qc2 Qg6 43. h5 Nf2+ 44. Qxf2 Qd3+ 45. Kh2 e4 46. Rd6+ Kh7 47. Rd7+ Kh6 48. Rd6+ Kh7 49. Rd7+ Kg8 50. h6 f3 51. Qg3 f2 52. h7+ Kh8 53. Qe5+ Rf6 54. Qxf6# 1-0


[Site "https://www.chess.com"]

[Event "Titled Tuesday Blitz December 20 Early 2022"]
[White "BahadirOzen"]
[Black "TigrVShlyape"]
[WhiteElo "2853"]
[BlackElo "2914"]
[Result "1/2-1/2"]
[Round "10"]
[TimeControl "180+2"]
[Date "2022.12.20"]
[WhiteClock "0:00:08"]
[BlackClock "0:00:16"]

1. g3 f5 2. Bg2 Nf6 3. Nf3 g6 4. d3 Bg7 5. O-O O-O 6. e4 fxe4 7. dxe4 Nc6 8. Nc3 e5 9. h3 d6 10. Be3 h6 11. Nh4 Qe8 12. Kh2 a6 13. f4 exf4 14. gxf4 Bd7 15. Qd3 g5 16. Nf5 Bxf5 17. exf5 g4 18. Nd5 gxh3 19. Nxf6+ Bxf6 20. Bxh3 Kh8 21. Rg1 Nb4 22. Qb3 Nxc2 23. Qxc2 Qxe3 24. Raf1 Rae8 25. Rg6 Qe2+ 26. Qxe2 Rxe2+ 27. Kh1 Kh7 28. Bg2 c6 29. b4 d5 30. a4 Bg7 31. Bh3 Re3 32. Kh2 Rf6 33. Rfg1 Rxg6 34. fxg6+ Kg8 35. Bc8 Re7 36. b5 axb5 37. axb5 cxb5 38. Rb1 Bf6 39. Rxb5 Kg7 40. Rxd5 Kxg6 41. Rb5 Rc7 42. Bxb7 Bd4 43. Be4+ Kg7 44. Rb7 Rxb7 45. Bxb7 Be3 46. Kg3 h5 47. Kh4 Bxf4 48. Kxh5 1/2-1/2


[Site "https://www.chess.com"]

[Event "Titled Tuesday Blitz December 20 Early 2022"]
[White "Balasch Peries, Eduard"]
[Black "jaldjald"]
[WhiteFideId "32067372"]
[WhiteElo "1671"]
[BlackElo "2386"]
[Result "1-0"]
[Round "10"]
[TimeControl "180+2"]
[Date "2022.12.20"]
[WhiteClock "0:00:04"]
[BlackClock "0:00:03"]

1. e4 c5 2. Nf3 g6 3. d4 cxd4 4. Nxd4 Nc6 5. Nc3 Bg7 6. Be3 Nf6 7. Bc4 O-O 8. f3 Qb6 9. Ncb5 a6 10. Nf5 Qa5+ 11. Bd2 Qd8 12. Nbd4 gxf5 13. Nxf5 d5 14. Nxg7 dxc4 15. Qe2 Kxg7 16. O-O-O Nd4 17. Qf2 e5 18. Qg3+ Kh8 19. Qxe5 Nc6 20. Qg3 Rg8 21. Qh4 Nd4 22. Kb1 Ng4 23. Qe1 Ne5 24. Bc3 Nec6 25. Qe3 Be6 26. g4 Qb6 27. Rxd4 Rg7 28. h4 Nxd4 29. Bxd4 Qc7 30. h5 f6 31. Bxf6 Qf7 32. Qc3 Kg8 33. g5 Rf8 34. f4 b5 35. f5 Bc8 36. h6 Rxg5 37. Bxg5 Bxf5 38. Rg1 Bg6 39. a3 a5 40. Qxa5 1-0


[Site "https://www.chess.com"]